 Dungeon Crawl Stone Soup version 0.29-a0-1027-gcd8c55af63 (webtiles) character file.

Game seed: 4102363119548862420

67 frimble the Digger (level 3, -9/24 HPs)
             Began as a Demonspawn Earth Elementalist on Aug 12, 2022.
             Mangled by an ogre
             ... wielding a +0 giant club
              (30 damage)
             ... on level 3 of the Dungeon.
             The game lasted 00:02:16 (2051 turns).

frimble the Digger (Demonspawn Earth Elementalist)  Turns: 2051, Time: 00:02:16

Health: -9/24      AC:  4    Str:  8    XL:     3   Next: 98%
Magic:  4/6        EV: 12    Int: 16    God:
Gold:   134        SH:  0    Dex: 15    Spells: 3/6 levels left

rFire   . . .      SeeInvis .   d - +0 dagger
rCold   . . .      Faith    .   (no shield)
rNeg    . . .      Spirit   .   a - +0 robe
rPois   .          Reflect  .   (no helmet)
rElec   .          Harm     .   c - +1 cloak
rCorr   .          Rampage  .   (no gloves)
Will    .....                   (no boots)
Stlth   ++........              (no amulet)
HPRegen 0.08/turn               (no ring)
MPRegen 0.10/turn               (no ring)

@: no status effects
A: powered by pain 1
a: no special abilities


You were on level 3 of the Dungeon.
You visited 1 branch of the dungeon, and saw 3 of its levels.

You collected 134 gold pieces.

Inventory:

Hand Weapons
 d - a +0 dagger (weapon)
Missiles
 f - 5 curare-tipped darts
Armour
 a - a +0 robe (worn)
 c - a +1 cloak (worn)
Scrolls
 e - 2 scrolls of immolation {unknown}
Potions
 b - a potion of magic
 g - a potion of heal wounds
 j - a potion of lignification {unknown}


   Skills:
 + Level 1.4 Short Blades
 - Level 1.7 Dodging
 - Level 1.7 Stealth
 - Level 2.0 Spellcasting
 + Level 2.2 Transmutations
 + Level 3.4 Earth Magic


You had 3 spell levels left.
You knew the following spells:

 Your Spells              Type           Power      Damage    Failure   Level
a - Sandblast             Erth           24%        2d8       4%          1
b - Blink                 Tloc           2%         N/A       30%         2

Your spell library contained the following spells:

 Spells                   Type           Power      Damage    Failure   Level
 Passwall                 Tmut/Erth      8%         N/A       10%         2
 Stone Arrow              Conj/Erth      14%        3d7       30%         3
 Gell's Gravitas          Tloc           1%         N/A       52%         3
 Lesser Beckoning         Tloc           1%         N/A       52%         3
 Teleport Other           Tloc           1%         N/A       52%         3
 Petrify                  Tmut/Erth      10%        N/A       54%         4
 Manifold Assault         Tloc           1%         N/A       99%         5
 Storm Form               Tmut/Air       2%         N/A       100%        7


Dungeon Overview and Level Annotations

Branches:
Dungeon (3/15)

Altars:


Innate Abilities, Weirdness & Mutations

You sometimes gain a little power by taking damage.


Message History

There are monsters nearby!
There are monsters nearby!
Unknown command.
Unknown command.
Aiming: Sandblast (safe; 4% risk of failure)
Press: ? - help, Q - select action, (/) - cycle Shift-Dir - straight line, f - goblin
Aim: a goblin, wielding a +0 club (77% to hit)
The blast of sand hits the goblin.
You kill the goblin!
The goblin closely misses you.
You hit the goblin.
The goblin is moderately wounded.
The goblin hits you with a +0 club.
You hit the goblin but do no damage.
The goblin is moderately wounded.
The goblin hits you with a +0 club.
You miss the goblin. Your punch misses the goblin.
The goblin is moderately wounded.
The goblin hits you with a +0 club. The goblin attacks as you move away!
The goblin closely misses you.
You hit the goblin.
You kill the goblin!
You barely miss the goblin. The goblin barely misses you.
You hit the goblin.
You kill the goblin!
You closely miss the goblin. The goblin hits you with a +0 club.
Aiming: Sandblast (safe; 4% risk of failure)
Press: ? - help, Q - select action, (/) - cycle Shift-Dir - straight line, f - ogre
Aim: an ogre, wielding a +0 giant club (91% to hit)
The blast of sand hits the goblin!
You kill the goblin!
The goblin barely misses you.
Aiming: Sandblast (safe; 4% risk of failure)
Press: ? - help, Q - select action, (/) - cycle Shift-Dir - straight line, f/p - ogre
Aim: an ogre, wielding a +0 giant club (91% to hit)
The blast of sand hits the goblin!
You kill the goblin!
The ogre hits you with a +0 giant club!!
Ouch! That really hurt!
You die...

... ..
###. ..#
###†#
#...#
#####.###
#.......#
#.###.#@#
#.###+#O##
#......g.#
#..#####g#
#..#g..#)#
#..#.g('g#
#..#g.g#.#
#..#####.#
#........#


You could see an ogre and 3 goblins.

Vanquished Creatures
  2 adders (D:3)
  2 worms (D:2)
  5 endoplasms
  13 goblins
  5 hobgoblins
  A quokka (D:3)
  3 ball pythons
  5 bats
  3 frilled lizards
  2 kobolds (D:1)
  A rat (D:2)
42 creatures vanquished.

Notes
Turn   | Place    | Note
-------+----------+-------------------------------------------
     0 | D:1      | frimble the Demonspawn Earth Elementalist began the quest
                  | for the Orb.
     0 | D:1      | Reached XP level 1. HP: 13/13 MP: 3/3
   102 | D:1      | Reached skill level 1 in Transmutations
   118 | D:1      | Reached skill level 3 in Earth Magic
   332 | D:1      | Gained mutation: You sometimes gain a little power by
                  | taking damage. [demonic ancestry]
   332 | D:1      | Reached XP level 2. HP: 19/19 MP: 3/5
  1408 | D:2      | Learned a level 2 spell: Blink
  1437 | D:2      | Reached XP level 3. HP: 20/24 MP: 6/6
  1582 | D:2      | Reached skill level 1 in Short Blades
  1789 | D:2      | Found a faded altar of an unknown god.
  1789 | D:2      | Noticed an ogre
  2036 | D:3      | Noticed an ogre
  2051 | D:3      | Mangled by an ogre

Illustrated notes

Levels and vault maps discovered:
D:1:      minmay_arrival_solitary_statue, layout_basic
D:2:      layout_loops_cross, shapermc_ecumenical_altar_ellora
D:3:      layout_basic, minmay_ogre_servants

Skill      XL: |  1  2  3 |
---------------+----------+-----
Transmutations | 1 2 |  2.2
Earth Magic    | 3 |  3.4
Short Blades   | 1 |  1.4
Dodging        | |  1.7
Stealth        | |  1.7
Spellcasting   | |  2.0

Action                   || total
-------------------------++-------
Melee: Dagger            ||   129
       Punch             ||     2
 Cast: Sandblast         ||    28
  Use: Scroll            ||     4
 Stab: Sleeping          ||     4
Armor: Robe              ||    61
Dodge: Dodged            ||   119

Table legend: (Time is in decaauts)
 A = Elapsed time spent in this place.
 B = Non-inter-level travel time spent in this place.
 C = Inter-level travel time spent in this place.
 D = Time resting spent in this place.
 E = Time spent auto-exploring this place.
 F = Levels seen in this place.
 G = Mean time per level.
                   A        B        C        D        E       F      G
               +--------+--------+--------+--------+--------+-----+--------+
         Total |   2072 |   2012 |     60 |     50 |   1575 |   3 |  690.7 |
       Dungeon |   2072 |   2012 |     60 |     50 |   1575 |   3 |  690.7 |
               +--------+--------+--------+--------+--------+-----+--------+

Top non-repeatable levels by time:
     D:1: 1317 daAuts
     D:2: 522 daAuts
     D:3: 233 daAuts
